 Dungeon Crawl Stone Soup version 0.32-a0-576-g706899e69d (webtiles) character file.

Game seed: 12549660866411590412

4 Sabo the Sneak (level 1, 0/16 HPs)
             Began as a Coglin Brigand on Mar 1, 2024.
             Slain by a gnoll
             ... wielding a +0 whip
              (5 damage)
             ... on level 1 of the Dungeon.
             The game lasted 00:00:48 (130 turns).

Sabo the Sneak (Coglin Brigand)                      Turns: 130, Time: 00:00:49

Health: 0/16       AC:  3    Str: 11    XL:     1   Next: 70%
Magic:  1/1        EV: 11    Int: 10    God:
Gold:   13         SH:  0    Dex: 15    Spells: 0/0 levels left

rFire   . . .        a - +2 dagger {Sanghe}
rCold   . . .        f - +0 dagger {Kun}
rNeg    . . .        b - +0 robe
rPois   .            (no helmet)
rElec   .            c - +0 cloak
rCorr   .            (no gloves)
SInv    .            (no boots)
Will    .....        (amulet unavailable)
Stlth   ++           (ring unavailable)
HPRegen 0.22/turn    (ring unavailable)
MPRegen 0.07/turn    (no gizmo)

%: no passive effects
@: revved
A: off-hand wielding, slow wielding, warmup strikes, no jewellery
a: Invent Gizmo


You were on level 1 of the Dungeon.
You visited 1 branch of the dungeon, and saw 1 of its levels.

You collected 13 gold pieces.

Inventory:

Hand Weapons
 a - a +2 dagger (weapon) {Sanghe}
 f - a +0 dagger (offhand) {Kun}
Missiles
 d - 9 poisoned darts (quivered)
 e - 3 curare-tipped darts
Armour
 b - a +0 robe (worn)
 c - a +0 cloak (worn)
Potions
 g - a potion of curing {unknown}


   Skills:
 + Level 2.2 Fighting
 + Level 1.9 Short Blades
 + Level 1.7 Throwing
 + Level 0.8 Dodging
 + Level 3.3 Stealth


You couldn't memorise any spells.
You didn't know any spells.
Your spell library was empty.

Dungeon Overview and Level Annotations

Branches:
Dungeon (1/15)

Altars:

Shops:
D:1 !


Innate Abilities, Weirdness & Mutations

You can wield a second weapon in your off-hand.
It takes a long time for you to wield or remove held weapons.
Your first few attacks do less damage.
You cannot equip rings or amulets.


Message History

Found 13 gold pieces.
Found 7 gold pieces.
A hobgoblin comes into view.
A gnoll comes into view. It is wielding a +0 whip.
The hobgoblin shouts!
A ball python comes into view.
The ball python moves out of view.
The hobgoblin barely misses you.
An endoplasm comes into view.
The hobgoblin hits you but does no damage.
The gnoll hits you with a +0 whip. The hobgoblin closely misses you.
The gnoll closely misses you.
You barely miss the gnoll with your +0 dagger.
You hit the gnoll with your +2 dagger. The hobgoblin barely misses you.
The gnoll hits you with a +0 whip.
You closely miss the gnoll with your +2 dagger.
The gnoll is lightly wounded.
You hit the gnoll with your +0 dagger. The hobgoblin hits you.
The gnoll closely misses you.
The ball python hisses angrily.
You hit the gnoll but do no damage.
The gnoll is moderately wounded.
You closely miss the gnoll with your +2 dagger.
The hobgoblin barely misses you. The gnoll hits you with a +0 whip.
* * * LOW HITPOINT WARNING * * *
You completely miss the gnoll with your +2 dagger.
The gnoll is moderately wounded.
You barely miss the gnoll with your +0 dagger.
The gnoll misses you.
The hobgoblin hits you but does no damage.
The endoplasm hits you but does no damage.
You hit the gnoll with your +2 dagger.
The gnoll is heavily wounded.
You barely miss the gnoll with your +0 dagger.
The ball python closely misses you. The ball python misses you.
You hit the gnoll with your +2 dagger.
The gnoll is severely wounded.
You hit the gnoll but do no damage. The hobgoblin misses you.
The endoplasm misses you. The gnoll hits you with a +0 whip.
You die...

..............#.#.#.....
................#.#$...#
........................
................#...$..#
.∩...................#.#
........................
#.....#########......#.
#......# #g.g...#
#......# #.@S...#
####...# ##J###.# .
#...# ..# ... ...# ....
... ..... . .......
........ ..........


You could see a gnoll, an endoplasm, a hobgoblin and a ball python.

Vanquished Creatures
  An endoplasm (D:1)
  A hobgoblin (D:1)
  A ball python (D:1)
  2 rats (D:1)
5 creatures vanquished.

Notes
Turn   | Place    | Note
-------+----------+-------------------------------------------
     0 | D:1      | Sabo the Coglin Brigand began the quest for the Orb.
     0 | D:1      | Reached XP level 1. HP: 16/16 MP: 1/1
    74 | D:1      | Found Canliyr's Distillery.
   130 | D:1      | Slain by a gnoll

Illustrated notes

Levels and vault maps discovered:
D:1:      minmay_arrival_glassed_features, layout_basic, serial_shops, shop,
          dreamdust_wishing_well, st_stairs_5

Action                     || total
---------------------------++-------
  Melee: Dagger            ||    28
 Armour: Robe              ||    15
  Dodge: Dodged            ||    13

Table legend: (Time is in decaauts)
 A = Elapsed time spent in this place.
 B = Non-inter-level travel time spent in this place.
 C = Inter-level travel time spent in this place.
 D = Time resting spent in this place.
 E = Time spent auto-exploring this place.
 F = Levels seen in this place.
 G = Mean time per level.
                   A        B        C        D        E       F      G
               +--------+--------+--------+--------+--------+-----+--------+
         Total |    128 |    128 |      0 |      0 |      0 |   1 |  128.0 |
       Dungeon |    128 |    128 |      0 |      0 |      0 |   1 |  128.0 |
               +--------+--------+--------+--------+--------+-----+--------+

Top non-repeatable levels by time:
     D:1: 128 daAuts
